[Event "ICC tourney 2150 (70 10)"]
[Site "Internet Chess Club"]
[Date "2020.11.21"]
[Round "1"]
[White "atevifred"]
[Black "SpencerNA"]
[Result "1-0"]
[ICCResult "Black resigns"]
[WhiteElo "1876"]
[BlackElo "1420"]
[Opening "English opening: Agincourt variation"]
[ECO "A13"]
[NIC "QP.09"]
[Time "12:42:07"]
[TimeControl "4200+10"]

1. Nf3 d5 2. c4 e6 3. e3 c6 4. Nc3 Nf6 5. b3 Nbd7 6. Be2 b6 7. Bb2 Bb7 8.
O-O Bd6 9. cxd5 exd5 10. Rc1 O-O 11. d3 Re8 12. Qc2 Rc8 13. Rfe1 Ne5 14. h3
Qd7 15. d4 Nxf3+ 16. Bxf3 c5 17. dxc5 Rxc5 18. Qd3 Be5 19. Red1 Qe6 20. Ba3
Rxc3 21. Rxc3 Bxc3 22. Qxc3 Rc8 23. Qd4 h6 24. Bb2 Rc2 25. Bg4 Qc6 26. Bf5
Rc5 27. Bd3 Qe6 28. b4 Rc7 29. f3 Re7 30. Re1 Qd6 31. Qh4 Nd7 32. f4 Qxb4
33. Rb1 Qd2 34. Qxe7 Qxd3 35. Rf1 Nc5 36. Qe5 f6 37. Qe8+ Kh7 38. f5 Ne4 39.
Bd4 Ng3 40. Qg6+ Kg8 41. Qxg3 {Black resigns} 1-0

[Event "ICC tourney 2150 (70 10)"]
[Site "Internet Chess Club"]
[Date "2020.11.21"]
[Round "1"]
[White "QueensRule"]
[Black "FL2009"]
[Result "0-1"]
[ICCResult "White forfeits on time"]
[WhiteElo "1542"]
[BlackElo "1852"]
[Opening "Ruy Lopez: Berlin defense"]
[ECO "C65"]
[NIC "RL.07"]
[Time "12:42:42"]
[TimeControl "4200+10"]

1. e4 e5 2. Nf3 Nc6 3. Bb5 Nf6 4. d4 Nxd4 5. Nxd4 exd4 6. e5 Nd5 7. Qxd4 c6
8. Bc4 Nc7 9. O-O b5 10. Be2 Ne6 11. Qe4 Rb8 12. Be3 Bc5 13. Nd2 Bb7 14. a4
a6 15. a5 Qe7 16. Nb3 Bxe3 17. Qxe3 c5 18. f4 c4 19. Nd4 Qc5 20. c3 Nxd4 21.
cxd4 Qe7 22. f5 Qh4 23. Rf4 Qg5 24. Bf3 Bxf3 25. Qxf3 h5 26. h4 Qh6 27. Rf1
O-O 28. f6 g6 29. Qd5 Rfd8 30. Qd6 Ra8 31. d5 Qf8 32. Qe7 Re8 33. Qxd7 Rxe5
34. Rd1 Rd8 35. Qb7 Qd6 36. Rfd4 Rf5 37. Qc6 Rxf6 38. Qxd6 Rfxd6 39. Kf2 Kg7
40. Ke3 f5 41. Kf4 Kf6 42. R4d2 Re8 43. Rd4 Re5 44. R1d2 Re1 45. Rd1 Re5 46.
R1d2 Re7 47. Rd1 Rc7 48. Rc1 Rc5 49. Rcd1 b4 {White forfeits on time} 0-1

[Event "ICC tourney 2150 (70 10)"]
[Site "Internet Chess Club"]
[Date "2020.11.21"]
[Round "2"]
[White "KyleZhuang"]
[Black "yogokings12"]
[Result "1-0"]
[ICCResult "Black resigns"]
[WhiteElo "1655"]
[BlackElo "1665"]
[Opening "Sicilian: dragon, Yugoslav attack, Rauser variation"]
[ECO "B76"]
[NIC "SI.17"]
[Time "16:01:52"]
[TimeControl "4200+10"]

1. e4 c5 2. Nf3 d6 3. d4 cxd4 4. Nxd4 Nf6 5. Nc3 g6 6. Be3 Bg7 7. f3 O-O 8.
Qd2 Nc6 9. O-O-O d5 10. Nxc6 bxc6 11. exd5 Nxd5 12. Nxd5 cxd5 13. Qxd5 Qc7
14. Qc5 Qb7 15. Qa3 Rb8 16. c3 Be6 17. Bd4 Bh6+ 18. Kb1 Rfc8 19. Ba6 Bf5+
20. Ka1 Qc7 21. Bxc8 Qxc8 22. Qxe7 {Black resigns} 1-0

[Event "ICC tourney 2150 (70 10)"]
[Site "Internet Chess Club"]
[Date "2020.11.21"]
[Round "2"]
[White "NL008"]
[Black "Erky"]
[Result "0-1"]
[ICCResult "White checkmated"]
[WhiteElo "1478"]
[BlackElo "1695"]
[Opening "Sicilian: Canal-Sokolsky attack, 3...Bd7"]
[ECO "B52"]
[NIC "SI.01"]
[Time "16:01:51"]
[TimeControl "4200+10"]

1. e4 c5 2. Nf3 d6 3. Bb5+ Bd7 4. Bxd7+ Qxd7 5. O-O Nc6 6. c3 e5 7. d4 cxd4
8. cxd4 Nf6 9. Nc3 exd4 10. Nxd4 Nxd4 11. Qxd4 Be7 12. Bf4 O-O 13. Rfd1 Qg4
14. Bxd6 Bxd6 15. Qxd6 Nxe4 16. Qb4 Nxf2 17. Qxg4 Nxg4 18. Rd7 Rab8 19. h3
Nf6 20. Rc7 Rfd8 21. Rc1 Ne8 22. Re7 Kf8 23. Rce1 Nf6 24. g4 Re8 25. Rxe8+
Rxe8 26. Rd1 h6 27. Kf2 Rc8 28. Kf3 Rc6 29. h4 g5 30. hxg5 hxg5 31. Rd4 Ke7
32. Nd5+ Nxd5 33. Rxd5 f6 34. b3 Rc2 35. Ra5 a6 36. b4 Rb2 37. a3 Rb3+ 38.
Ke4 Ke6 39. Kd4 Rg3 40. b5 Rxg4+ 41. Kc5 Re4 42. bxa6 Re5+ 43. Kb6 Rxa5 44.
Kxa5 bxa6 45. Kxa6 g4 46. a4 g3 47. a5 g2 48. Kb7 g1=Q 49. a6 f5 50. a7
Qxa7+ 51. Kxa7 f4 52. Ka6 f3 53. Kb6 f2 54. Kb7 f1=Q 55. Kc7 Qc4+ 56. Kd8
Kd6 57. Ke8 Qg8# {White checkmated} 0-1

[Event "ICC tourney 2150 (70 10)"]
[Site "Internet Chess Club"]
[Date "2020.11.21"]
[Round "2"]
[White "sushivishwa"]
[Black "QitianDasheng"]
[Result "1-0"]
[ICCResult "Black resigns"]
[WhiteElo "1820"]
[BlackElo "468"]
[Opening "Sicilian: closed, 6.Be3"]
[ECO "B26"]
[NIC "SI.45"]
[Time "16:01:51"]
[TimeControl "4200+10"]

1. e4 c5 2. Nc3 Nc6 3. g3 g6 4. Bg2 Bg7 5. d3 d6 6. Be3 Nf6 7. Nge2 O-O 8.
O-O Rb8 9. f4 e6 10. h3 b5 11. e5 Nd5 12. Nxd5 exd5 13. Bxd5 Ne7 14. Bg2
dxe5 15. Bxc5 Qc7 16. Be3 Nf5 17. Bd2 Qb6+ 18. Kh2 Ne3 19. Bxe3 Qxe3 20. Nc3
exf4 21. Rxf4 Be5 22. Rf3 Qg5 23. Ne4 Qe7 24. d4 Bb7 25. Re3 Bc7 26. Qe2
Rfe8 27. Nf6+ Qxf6 28. Rxe8+ Rxe8 29. Qxe8+ Kg7 30. Rf1 Qh4 31. Rxf7+ Kh6
32. Qf8+ Kg5 33. Qe7+ {Black resigns} 1-0

[Event "ICC tourney 2150 (70 10)"]
[Site "Internet Chess Club"]
[Date "2020.11.21"]
[Round "2"]
[White "queenless"]
[Black "Priyadarsi"]
[Result "0-1"]
[ICCResult "White resigns"]
[WhiteElo "1611"]
[BlackElo "1815"]
[Opening "Queen's pawn game"]
[ECO "A46"]
[NIC "QP.06"]
[Time "16:02:43"]
[TimeControl "4200+10"]

1. d4 Nf6 2. Nf3 e6 3. a3 b6 4. g3 Bb7 5. Bg2 d6 6. O-O Be7 7. b3 Nbd7 8.
Bb2 O-O 9. Nbd2 c5 10. e3 Qc7 11. c4 d5 12. Rc1 Rac8 13. Re1 Rfd8 14. cxd5
exd5 15. dxc5 bxc5 16. Qc2 Ne4 17. Nxe4 dxe4 18. Nd2 f5 19. Qc3 Bf6 20. Qc4+
Kh8 21. Qc2 Bxb2 22. Qxb2 Ne5 23. Bf1 Rxd2 24. Qc3 Nf3+ 25. Kg2 Nxe1+ 26.
Rxe1 Rcd8 27. Rc1 Qf7 28. Bc4 Qh5 29. Rf1 Qf3+ 30. Kg1 f4 31. gxf4 R8d6 32.
Bf7 Rxf2 33. Rxf2 Rd1+ {White resigns} 0-1

[Event "ICC tourney 2150 (70 10)"]
[Site "Internet Chess Club"]
[Date "2020.11.21"]
[Round "2"]
[White "uzkuzk"]
[Black "adu711"]
[Result "1-0"]
[ICCResult "Black resigns"]
[WhiteElo "1809"]
[BlackElo "1398"]
[Opening "Giuoco Pianissimo"]
[ECO "C55"]
[NIC "IG.01"]
[Time "16:02:20"]
[TimeControl "4200+10"]

1. e4 e5 2. Nf3 Nc6 3. Bc4 Nf6 4. d3 Bc5 5. c3 O-O 6. O-O d6 7. Bb3 a6 8.
Nbd2 Ba7 9. Re1 Ne7 10. Nf1 Ng6 11. Ng3 c6 12. h3 h6 13. d4 Re8 14. Nh2 Qa5
15. Nh5 Nxh5 16. Qxh5 Be6 17. Bxe6 Rxe6 18. Kh1 Rae8 19. f4 R6e7 20. g4 Qc7
21. f5 Nf4 22. Bxf4 exf4 23. g5 Kh7 24. Ng4 Rf8 25. f6 Re6 26. Nxh6 g6 27.
Qh4 Bb8 28. Ng4+ Kg8 29. Qh6 {Black resigns} 1-0

[Event "ICC tourney 2150 (70 10)"]
[Site "Internet Chess Club"]
[Date "2020.11.21"]
[Round "2"]
[White "tigertiger2019"]
[Black "Jjornelas"]
[Result "1-0"]
[ICCResult "Black resigns"]
[WhiteElo "1690"]
[BlackElo "1596"]
[Opening "King's Indian: orthodox, 7...Nbd7"]
[ECO "E94"]
[NIC "KI.12"]
[Time "16:02:17"]
[TimeControl "4200+10"]

1. Nf3 Nf6 2. c4 g6 3. d4 Bg7 4. Nc3 d6 5. e4 O-O 6. Be2 Nbd7 7. O-O e5 8.
d5 Ne8 9. Ne1 f5 10. f3 f4 11. b4 a5 12. Rb1 axb4 13. Rxb4 Nc5 14. Nd3 b6
15. Na4 Qg5 16. Naxc5 bxc5 17. Ra4 Bh3 18. Rf2 Nf6 19. Bf1 Rfb8 20. Rxa8
Rxa8 21. Qb3 Ne8 22. Qb5 Kf8 23. Qc6 Rb8 24. Rb2 Rxb2 25. Bxb2 h5 26. a4 h4
27. Nf2 Bc8 28. a5 Qd8 29. Nd1 Bd7 30. Qb7 Nf6 31. Nc3 Bc8 32. Qb8 Nd7 33.
Qa7 Bf6 34. Nb5 Kg7 35. Nxc7 Kh6 36. Ne6 Qe8 37. Qa8 Kh5 38. Qc6 Qf8
{Black resigns}
1-0

[Event "ICC tourney 2150 (70 10)"]
[Site "Internet Chess Club"]
[Date "2020.11.21"]
[Round "2"]
[White "pari538"]
[Black "blueocean07"]
[Result "0-1"]
[ICCResult "White checkmated"]
[WhiteElo "1642"]
[BlackElo "1752"]
[Opening "Sicilian: Pelikan (Lasker/Sveshnikov) variation"]
[ECO "B33"]
[NIC "SI.35"]
[Time "16:01:51"]
[TimeControl "4200+10"]

1. e4 c5 2. Nf3 Nc6 3. d4 cxd4 4. Nxd4 Nf6 5. Nc3 e5 6. Nb3 Bb4 7. Bd3 d5 8.
exd5 Nxd5 9. Bd2 Bxc3 10. Bxc3 Nxc3 11. bxc3 O-O 12. O-O Kh8 13. Qh5 f5 14.
f3 Be6 15. Kh1 Rf6 16. Qg5 Qe8 17. Nc5 Bc8 18. Rab1 b6 19. Na6 Qf7 20. Bb5
Bd7 21. Bxc6 Bxc6 22. Nb4 Bb7 23. Rfd1 e4 24. Nd5 Bxd5 25. Rb5 Bc6 26. Rb4
exf3 27. Rbd4 fxg2+ 28. Kg1 Qe7 29. Qd2 Re8 30. Kf2 Re6 31. Kg1 Re2 32. Qd3
Re1+ 33. Kf2 g1=Q# {White checkmated} 0-1

[Event "ICC tourney 2150 (70 10)"]
[Site "Internet Chess Club"]
[Date "2020.11.21"]
[Round "2"]
[White "SpencerNA"]
[Black "prabp"]
[Result "1-0"]
[ICCResult "Black checkmated"]
[WhiteElo "1754"]
[BlackElo "1570"]
[Opening "Sicilian: closed, 2...Nc6"]
[ECO "B23"]
[NIC "SI.44"]
[Time "16:02:32"]
[TimeControl "4200+10"]

1. e4 c5 2. Nc3 Nc6 3. Bb5 Nd4 4. Nf3 a6 5. Be2 b5 6. d3 Bb7 7. Be3 e6 8.
Nxd4 cxd4 9. Bxd4 Nf6 10. Bf3 Bb4 11. O-O O-O 12. Bxf6 Qxf6 13. e5 Bxf3 14.
exf6 Bxd1 15. fxg7 Kxg7 16. Nxd1 Rac8 17. c3 Be7 18. Ne3 Kh8 19. Rfe1 f5 20.
f4 Bf6 21. d4 b4 22. Rac1 bxc3 23. bxc3 Rc6 24. Red1 Rfc8 25. c4 Kg7 26. d5
R6c7 27. dxe6 dxe6 28. Rd6 Kf7 29. Rcd1 Be7 30. Rxa6 Bc5 31. Kf2 Bxe3+ 32.
Kxe3 Rxc4 33. Rd7+ Kf6 34. Rxh7 Re4+ 35. Kd2 Rd4+ 36. Ke1 Re4+ 37. Kd1 Rd4+
38. Ke2 Re4+ 39. Kd3 Rd8+ 40. Kc3 Re3+ 41. Kc4 Re4+ 42. Kc5 Rd5+ 43. Kc6
Rc4+ 44. Kb7 Rb5+ 45. Ka7 Rxf4 46. Rh6+ Kf7 47. Rhxe6 Rf2 48. Rf6+ Ke7 49.
a4 Rbb2 50. h4 Rxg2 51. Rxf5 Rg7 52. Rg5 Rf7 53. Rb6 Kf8+ 54. Ka6 Ra2 55.
Rb8+ Ke7 56. Rb7+ Kf8 57. Rxf7+ Kxf7 58. a5 Rh2 59. h5 Kf6 60. Rb5 Ke7 61.
Ka7 Kd7 62. a6 Kc7 63. Rf5 Rh4 64. Rf7+ Kc8 65. Kb6 Rxh5 66. Rf8+ Kd7 67. a7
Rh6+ 68. Kb7 Rh1 69. a8=Q Rb1+ 70. Ka6 Ra1+ 71. Kb5 Rb1+ 72. Kc4 Rc1+ 73.
Kd3 Rd1+ 74. Ke2 Rb1 75. Qa7+ Ke6 76. Qa2+ Ke7 77. Qxb1 Kxf8 78. Qb7 Ke8 79.
Ke3 Kd8 80. Ke4 Ke8 81. Ke5 Kf8 82. Kf6 Kg8 83. Qg7# {Black checkmated} 1-0

[Event "ICC tourney 2150 (70 10)"]
[Site "Internet Chess Club"]
[Date "2020.11.21"]
[Round "2"]
[White "IsaiahS"]
[Black "oregonchessguy"]
[Result "1/2-1/2"]
[ICCResult "Game drawn by repetition"]
[WhiteElo "395"]
[BlackElo "1802"]
[Opening "Scotch game"]
[ECO "C45"]
[NIC "SO.04"]
[Time "16:01:55"]
[TimeControl "4200+10"]

1. e4 e5 2. Nf3 Nc6 3. d4 exd4 4. Nxd4 Qf6 5. Nxc6 Bc5 6. Qe2 dxc6 7. Nc3
Ne7 8. Be3 Bb4 9. Bd2 Bc5 10. f3 Bd7 11. O-O-O O-O-O 12. Qc4 Bb6 13. Na4 Be6
14. Nxb6+ axb6 15. Qa4 Kb8 16. Bd3 Ng6 17. Bc3 Qf4+ 18. Bd2 Qf6 19. Rhf1 Nf4
20. g3 Nxd3+ 21. cxd3 Rxd3 22. Bf4 Rhd8 23. Rxd3 Rxd3 24. Qc2 Qd4 25. Kb1
Qc4 26. Qxc4 Bxc4 27. b3 Rxb3+ 28. axb3 Bxf1 29. Kc2 Bg2 30. e5 Bxf3 31. Kd3
Kc8 32. b4 Kd7 33. Kc4 Bd5+ 34. Kd4 Ke6 35. h4 h5 36. Kc3 b5 37. Kd4 b6 38.
Bg5 f6 39. exf6 gxf6 40. Bf4 c5+ 41. bxc5 bxc5+ 42. Kxc5 c6 43. Bb8 Kf5 44.
Bf4 Ke4 45. Bd6 f5 46. Kb4 Kd3 47. Bc5 Ke4 48. Bd6 Kd4 49. Bc5+ Kd3 50. Bd6
Ke4 51. Bc5 Ke5 52. Be3 Bf3 53. Bc5 f4 54. gxf4+ Kxf4 55. Be7 Ke4 56. Bc5
Kd5 57. Bf2 Be2 58. Be3 Ke4 59. Bc5 Kd5 60. Be3 Ke4 61. Bc5 Kd5 62. Be3 Ke4
63. Bc5 Kd5 {Game drawn by repetition} 1/2-1/2

[Event "ICC tourney 2150 (70 10)"]
[Site "Internet Chess Club"]
[Date "2020.11.21"]
[Round "2"]
[White "Wushukyle"]
[Black "pierrehj"]
[Result "1-0"]
[ICCResult "Black resigns"]
[WhiteElo "1669"]
[BlackElo "1666"]
[Opening "Sicilian defense"]
[ECO "B20"]
[NIC "SI.48"]
[Time "16:01:57"]
[TimeControl "4200+10"]

1. e4 c5 2. a3 Nc6 3. b4 cxb4 4. axb4 Nxb4 5. d4 Qc7 6. c3 Nc6 7. Na3 Qa5 8.
Bb2 Qb6 9. Nb5 a6 10. d5 Na5 11. Qd4 Qxd4 12. Nxd4 e5 13. dxe6 Nc6 14. exf7+
Kxf7 15. Bc4+ Kf6 16. f4 Bc5 17. g4 Nxd4 18. cxd4 Bb4+ 19. Kf2 d5 20. g5+
Ke7 21. Bxd5 Kd6 22. Ra4 a5 23. Ba3 Bxa3 24. Rxa3 Ne7 25. Bb3 Bd7 26. e5+
Kc7 27. d5 Nf5 28. d6+ Kb6 29. e6 Bc6 30. Nf3 Nxd6 31. Rb1 Kc7 32. Nd4 Ne4+
33. Ke3 Nd6 34. Rc1 Rhf8 35. Bd5 Nf5+ 36. Nxf5 Rxf5 37. Bxc6 bxc6 38. Rac3
Ra6 39. Rd3 c5 40. Ke4 g6 41. Rd7+ Kc8 42. Re7 Kd8 43. Rd7+ Ke8 44. Rcd1
Rxe6+ 45. Kf3 Re7 46. Rd8+ Kf7 47. h4 Rc7 48. Kg4 c4 49. h5 c3 50. hxg6+
hxg6 51. R8d7+ Rxd7 52. Rxd7+ Ke6 53. Rc7 Kd6 54. Rxc3 Kd5 55. Re3 Kd6 56.
Rb3 Kc6 57. Kf3 a4 58. Ra3 Kb5 59. Re3 Rc5 60. Ke2 Kb4 61. Re4+ Kb3 62. Re3+
Kb2 63. Re6 a3 64. Rxg6 Ra5 65. Rb6+ Kc3 66. Rc6+ Kb3 67. g6 a2 68. g7 Ra8
69. Rb6+ Kc4 70. Ra6 Re8+ 71. Kf3 Kb3 72. Rxa2 Kxa2 73. f5 Kb3 74. f6
{Black resigns}
1-0

[Event "ICC tourney 2150 (70 10)"]
[Site "Internet Chess Club"]
[Date "2020.11.21"]
[Round "2"]
[White "castle2king"]
[Black "Lowish-Monkey"]
[Result "0-1"]
[ICCResult "White resigns"]
[WhiteElo "1568"]
[BlackElo "1904"]
[Opening "Sicilian: Canal-Sokolsky attack, 3...Bd7"]
[ECO "B52"]
[NIC "SI.01"]
[Time "16:01:51"]
[TimeControl "4200+10"]

1. e4 c5 2. Nf3 d6 3. Bb5+ Bd7 4. Bxd7+ Qxd7 5. O-O Nc6 6. Qe2 e6 7. Rd1 Nf6
8. d4 cxd4 9. Nxd4 Be7 10. c4 O-O 11. Nc3 Rfd8 12. b3 Qe8 13. Bb2 Rac8 14.
Rd2 Nd7 15. Ndb5 Nc5 16. Rad1 Qf8 17. Nd4 a6 18. Nxc6 Rxc6 19. b4 Nd7 20. c5
Ne5 21. Na4 Ng6 22. Qd3 Bg5 23. e5 Bxd2 24. Qxd2 d5 25. Bd4 f6 26. exf6 gxf6
27. Bb2 d4 28. Nb6 Qf7 29. a4 e5 30. Qc2 Nf4 {White resigns} 0-1

[Event "ICC tourney 2150 (70 10)"]
[Site "Internet Chess Club"]
[Date "2020.11.21"]
[Round "2"]
[White "VinG"]
[Black "erumaimadugod"]
[Result "0-1"]
[ICCResult "White resigns"]
[WhiteElo "1646"]
[BlackElo "1846"]
[Opening "Ruy Lopez: exchange variation"]
[ECO "C68"]
[NIC "RL.08"]
[Time "16:02:27"]
[TimeControl "4200+10"]

1. e4 e5 2. Nf3 Nc6 3. Bb5 a6 4. Bxc6 dxc6 5. d4 exd4 6. Qxd4 Qxd4 7. Nxd4
Nf6 8. Nd2 Bc5 9. N4b3 Ba7 10. O-O O-O 11. Kh1 Be6 12. f3 Rfd8 13. Re1 c5
14. Na5 Bb6 15. Ndc4 Bxa5 16. Nxa5 b6 17. Nb3 c4 18. Nd2 Nd7 19. Nf1 Nc5 20.
Bf4 Rac8 21. Rad1 Rxd1 22. Rxd1 f6 23. Bc1 a5 24. Ne3 Kf7 25. Nd5 Rd8 26.
Nc3 Rxd1+ 27. Nxd1 Ke7 28. c3 Nd3 29. Be3 Kd6 30. Kg1 g5 31. Bd4 f5 32. exf5
Bxf5 33. g4 Be6 34. Bf6 Bd5 35. Ne3 Nxb2 36. Nxd5 Kxd5 37. Bxg5 b5 38. Bf6
Nd3 39. Bd8 Kd6 40. h4 b4 41. cxb4 axb4 42. Bg5 b3 43. axb3 cxb3 44. Bf6 b2
45. Bxb2 Nxb2 46. Kf2 c5 47. Ke3 Ke6 48. Ke4 c4 49. Kd4 Nd3 50. Kxc4 Ne5+
51. Kd4 Nxf3+ 52. Ke4 Nxh4 53. Kf4 Ng6+ 54. Kg5 Ke5 55. Kh6 Nf8 56. Kg5 Ke4
57. Kh4 Ng6+ 58. Kh5 Kf4 59. g5 Kf5 60. Kh6 Nf8 61. Kh5 Ne6 62. Kh4 Ng7 63.
Kh3 Kxg5 64. Kg3 Nf5+ 65. Kh3 Kh5 66. Kh2 Kg4 67. Kg2 Ne3+ 68. Kh2 Kh4 69.
Kg1 Kg3 70. Kh1 h5 71. Kg1 h4 72. Kh1 h3 73. Kg1 Ng4 {White resigns} 0-1

[Event "ICC tourney 2150 (70 10)"]
[Site "Internet Chess Club"]
[Date "2020.11.21"]
[Round "2"]
[White "fridanavys1"]
[Black "pangpangba"]
[Result "0-1"]
[ICCResult "White resigns"]
[WhiteElo "1694"]
[BlackElo "1659"]
[Opening "Réti opening"]
[ECO "A05"]
[NIC "QP.11"]
[Time "16:01:47"]
[TimeControl "4200+10"]

1. Nf3 Nf6 2. g3 d5 3. Bg2 e6 4. O-O Be7 5. d3 c5 6. Nbd2 Nc6 7. e4 dxe4 8.
dxe4 O-O 9. c3 Qc7 10. Qc2 b6 11. Re1 Bb7 12. h3 Rad8 13. a4 Ba6 14. Bf1
Bxf1 15. Nxf1 Ne5 16. Nxe5 Qxe5 17. f4 Qh5 18. Qg2 Rd3 19. Be3 Rfd8 20. c4
Qg6 21. e5 Ne8 22. Qe2 Nc7 23. Rad1 Na6 24. Rxd3 Qxd3 25. Qxd3 Rxd3 26. Bd2
Nb4 27. Bxb4 cxb4 28. Kf2 Bc5+ 29. Ke2 Rb3 30. Rb1 Kf8 31. Kd2 Ke7 32. Kc2
Rf3 33. Rd1 Rf2+ 34. Kb1 Rf3 35. Kc2 h5 36. h4 Bf2 37. Rd3 Rxd3 38. Kxd3 f6
39. Ke4 b3 40. Kd3 fxe5 41. fxe5 Kf7 42. Kc3 Kg6 43. Kxb3 Kf5 44. Kb4 Kxe5
45. a5 Ke4 46. axb6 axb6 47. Kc3 Bd4+ 48. Kc2 Kf3 49. b4 Kf2 50. Kd3 Be5 51.
Nd2 Kxg3 52. c5 bxc5 53. bxc5 Bc7 54. Ne4+ Kxh4 55. Kc4 Kg4 56. Nd6 h4 57.
Ne8 Bb8 58. Kb5 h3 59. Nd6 Kf3 60. Kc6 h2 61. Kb7 Bxd6 62. cxd6 h1=Q 63. d7
Qd1 64. Kc7 Qxd7+ 65. Kxd7 e5 {White resigns} 0-1

[Event "ICC tourney 2150 (70 10)"]
[Site "Internet Chess Club"]
[Date "2020.11.21"]
[Round "2"]
[White "cprovince"]
[Black "Josiah729"]
[Result "1-0"]
[ICCResult "Black checkmated"]
[WhiteElo "1891"]
[BlackElo "1743"]
[Opening "QGD Slav defense"]
[ECO "D10"]
[NIC "SL.01"]
[Time "16:01:55"]
[TimeControl "4200+10"]

1. d4 d5 2. c4 c6 3. Nc3 dxc4 4. a4 Nf6 5. e4 Bg4 6. f3 Bh5 7. Bxc4 e6 8.
Nge2 Nbd7 9. Be3 Bb4 10. O-O O-O 11. Nf4 Nb6 12. Be2 Bg6 13. Qb3 Qe7 14.
Nxg6 hxg6 15. Bg5 Bxc3 16. bxc3 Qc7 17. Rab1 Rab8 18. a5 Nbd7 19. e5 Nh7 20.
Be7 Qxa5 21. Bxf8 Nhxf8 22. Ra1 Qb6 23. Qa3 a6 24. Rfb1 Qc7 25. Qa5 Qc8 26.
Rc1 g5 27. Bd3 Ra8 28. Rab1 b6 29. Qa3 c5 30. Be4 Rb8 31. Ra1 a5 32. Rab1
Qc7 33. Rb5 f5 34. exf6 gxf6 35. Rcb1 f5 36. Bd3 Qf4 37. Qc1 Qxc1+ 38. Rxc1
Rc8 39. d5 Kf7 40. dxe6+ Kxe6 41. Re1+ Kf6 42. Bc4 Rc6 43. Rbb1 Ne6 44. Bb5
Rd6 45. Bxd7 Rxd7 46. Rxb6 Re7 47. Ra6 f4 48. Rxa5 Rd7 49. Ra6 Re7 50. Rd6
Kf5 51. Rd5+ Kf6 52. Rde5 Kf7 53. g3 Kf6 54. Kf2 Kf7 55. gxf4 gxf4 56. h4
Kf6 57. h5 Kf7 58. h6 Re8 59. Rxe6 Rxe6 60. Rxe6 Kxe6 61. h7 Kd5 62. h8=Q
Kc4 63. Ke2 Kb3 64. Kd2 Kc4 65. Qg8+ Kb5 66. c4+ Kb4 67. Kd3 Kb3 68. Qb8+
Ka4 69. Qb5+ Ka3 70. Kc2 Ka2 71. Qb2# {Black checkmated} 1-0

[Event "ICC tourney 2150 (70 10)"]
[Site "Internet Chess Club"]
[Date "2020.11.21"]
[Round "2"]
[White "SerenaE"]
[Black "Deng18"]
[Result "1/2-1/2"]
[ICCResult "Game drawn by repetition"]
[WhiteElo "1659"]
[BlackElo "1833"]
[Opening "Giuoco Piano: Anderssen variation"]
[ECO "C54"]
[NIC "IG.02"]
[Time "16:01:48"]
[TimeControl "4200+10"]

1. e4 e5 2. Nf3 Nc6 3. Bc4 Bc5 4. c3 Nf6 5. d4 exd4 6. e5 d5 7. Bb5 Ne4 8.
cxd4 Bb4+ 9. Bd2 Nxd2 10. Bxc6+ bxc6 11. Nbxd2 O-O 12. O-O Bf5 13. Nb3 f6
14. exf6 Qxf6 15. Ne5 c5 16. a3 c4 17. axb4 cxb3 18. Qxb3 Rfd8 19. Ra5 Qe6
20. Rfa1 a6 21. Qa2 Rd6 22. b5 Qf6 23. bxa6 Ra7 24. Rb5 Bc8 25. Rb8 Rd8 26.
Qa5 Rxa6 27. Qe1 Re6 28. Raa8 Ree8 29. Qc1 Qd6 30. h3 Bf5 31. Rxd8 Rxd8 32.
Rxd8+ Qxd8 33. Qc6 h6 34. g4 Be4 35. f3 Bb1 36. Qe6+ Kh7 37. b4 Qf8 38. Qxd5
Qxb4 39. Qc4 Qe1+ 40. Qf1 Qe3+ 41. Kg2 Bc2 42. Qf2 Qc3 43. Qe2 Bb1 44. Qf1
Bc2 45. Qe2 Bb1 46. Qf1 Bc2 47. Qe2 {Game drawn by repetition} 1/2-1/2

[Event "ICC tourney 2150 (70 10)"]
[Site "Internet Chess Club"]
[Date "2020.11.21"]
[Round "2"]
[White "FL2009"]
[Black "MacAndSneeze"]
[Result "1/2-1/2"]
[ICCResult "Game drawn by the 50 move rule"]
[WhiteElo "1834"]
[BlackElo "1569"]
[Opening "Sicilian: Canal-Sokolsky (Nimzovich-Rossolimo, Moscow) attack"]
[ECO "B51"]
[NIC "SI.01"]
[Time "16:02:43"]
[TimeControl "4200+10"]

1. e4 c5 2. Nf3 d6 3. Bb5+ Nd7 4. O-O a6 5. Bxd7+ Bxd7 6. Re1 Nf6 7. e5 dxe5
8. Nxe5 e6 9. b3 Bd6 10. Bb2 O-O 11. c4 Bxe5 12. Bxe5 Bc6 13. f3 Nd7 14. Bb2
Re8 15. d4 cxd4 16. Qxd4 Qb6 17. Qxb6 Nxb6 18. Nc3 Rad8 19. Rad1 Kf8 20. Kf2
g6 21. Ke3 e5 22. Ba3+ Kg7 23. Bb4 Rxd1 24. Rxd1 e4 25. fxe4 f5 26. Rd4 Nd7
27. Nd5 Nf6 28. Nxf6 Kxf6 29. Bc3 Kf7 30. a3 Rxe4+ 31. Rxe4 Bxe4 32. g3 Bc2
33. b4 Bb3 34. Kd4 Ke6 35. Bd2 b5 36. cxb5 axb5 37. Kc5 Ba4 38. Bf4 Kf6 39.
h4 h5 40. Kd6 Bb3 41. Bg5+ Kf7 42. Ke5 Bc2 43. Kd4 Bb3 44. Kc5 Ba4 45. Kd6
Bb3 46. Kc6 Ba4 47. Kd7 Bb3 48. Be3 Bc2 49. Bd4 Bb3 50. Kd6 Bc2 51. Ke5 Bb3
52. Bc5 Bc2 53. Kf4 Bb3 54. Kg5 Bc2 55. Kf4 Bb3 56. Ke3 Bc2 57. Kd4 Bb3 58.
Kc3 Bd1 59. Kd2 Ba4 60. Bd4 Bb3 61. Kc3 Bd1 62. Be3 Ba4 63. Kd4 Bd1 64. Kd5
Bc2 65. Kd4 Bd1 66. Bd2 Bc2 67. Kc3 Bd1 68. Bf4 Ba4 69. Kd4 Bd1 70. Be5 Bc2
71. Bf4 Bd1 72. Kc5 Ba4 73. Kb6 Ke6 74. Kc6 Kf7 75. Bg5 Ke6 76. Bf4 Kf7 77.
Bc7 Ke6 78. Kc5 Kf7 79. Kd5 Bd1 80. Ke5 Ba4 81. Bd6 Bb3 82. Kd4 Bc2 83. Kc5
Ba4 84. Bf4 Ke6 85. Kc6 Kf7 86. Kd5 Bd1 87. Kd4 Bc2 88. Be5 Bd1 89. Bh8 Bc2
90. Be5 Bd1 91. Bf4 Bc2 92. Ke5 Bd1 93. Bc1 Bc2 94. Bb2 Bd1 95. Kf4 Bc2 96.
Kg5 Bd1 97. Kf4 Bc2 98. Bc3 {Game drawn by the 50 move rule} 1/2-1/2

[Event "ICC tourney 2150 (70 10)"]
[Site "Internet Chess Club"]
[Date "2020.11.21"]
[Round "2"]
[White "sujashankar"]
[Black "tidalwave09"]
[Result "1-0"]
[ICCResult "Black resigns"]
[WhiteElo "1757"]
[BlackElo "1607"]
[Opening "Sicilian defense"]
[ECO "B30"]
[NIC "SI.31"]
[Time "16:01:57"]
[TimeControl "4200+10"]

1. e4 c5 2. Nf3 Nc6 3. c3 d5 4. exd5 Qxd5 5. d4 Bg4 6. Be2 cxd4 7. cxd4 e6
8. O-O Bb4 9. Nc3 Qa5 10. Ne4 Nge7 11. a3 Qd5 12. Qc2 Ba5 13. Be3 Nf5 14.
Nc5 O-O 15. Bc4 Ncxd4 16. Nxd4 Nxd4 17. Bxd4 Qxd4 18. Nb3 Qe5 19. Nxa5 Qxa5
20. b4 Qc7 21. Qe4 Bf5 22. Qh4 Rac8 23. Be2 Qe5 24. Rfe1 Qb2 25. Bf3 Rc7 26.
Qg3 Rfc8 27. h3 Rc3 28. Red1 h6 29. Qe5 f6 30. Qd4 Bc2 31. Re1 Qb3 32. Qxa7
Bf5 33. Bxb7 R8c7 34. Qa8+ Kh7 35. Be4 Qb2 36. Bxf5+ exf5 37. Qa5 Rc1 38.
Raxc1 Rxc1 39. Qxf5+ Kh8 40. Rxc1 Qxc1+ 41. Kh2 Qxa3 42. b5 Qd6+ 43. g3 Qb6
44. Kg1 Qd4 45. Qc8+ Kh7 46. Qc6 f5 47. Kg2 f4 48. g4 h5 49. gxh5 Qe5 50. b6
Qg5+ 51. Kh2 Qh4 52. Qf3 Qd8 53. b7 Qc7 54. Qe4+ Kh8 55. Qe8+ Kh7 56. b8=Q
{Black resigns}
1-0

[Event "ICC tourney 2150 (70 10)"]
[Site "Internet Chess Club"]
[Date "2020.11.21"]
[Round "2"]
[White "Coolio9000"]
[Black "Major606"]
[Result "1-0"]
[ICCResult "Black resigns"]
[WhiteElo "1859"]
[BlackElo "1723"]
[Opening "Scotch gambit"]
[ECO "C44"]
[NIC "SO.06"]
[Time "16:02:43"]
[TimeControl "4200+10"]

1. e4 e5 2. Nf3 Nc6 3. d4 exd4 4. Bc4 h6 5. O-O Bc5 6. c3 dxc3 7. Bxf7+ Kxf7
8. Qd5+ Kf8 9. Qxc5+ d6 10. Qxc3 Qf6 11. Qb3 Rb8 12. Nc3 Be6 13. Qd1 Bg4 14.
Nd5 Qf7 15. b3 Bxf3 16. gxf3 Nf6 17. Kh1 Nxd5 18. exd5 Ne5 19. f4 Ng6 20.
Qd4 Rg8 21. Be3 Nh4 22. f3 b6 23. Rac1 Nf5 24. Qd3 Nxe3 25. Qxe3 Re8 26. Qd2
Re7 27. Rfe1 Ke8 28. Rxc7 Rxe1+ 29. Qxe1+ {Black resigns} 1-0